Minoru, lawful male human Samurai ----- ------ |...| |[.+%| |...| |+%%*| ---------- |...| ----- |!?![| |........| |...| |...| |%%%.| |........| |...+# |...-### |.@.@| |.......)| |.>.|##########..>.|############ ----|- #-...<....| ---.-# |...|# ### ---.----- ### ###-----.---- # # --.-- ####........| # # ## ### ### # ### |.......| ### ### # # # ### # |*......| # # ## ####### ### # ##........| ## # --.--- -.-----################## |.......| ---------|-# |....| |.....-########-------.-.-- |.......| |...{......# |.....####|.....| #+..........| --------- |.........| |....| #......| #|..........| |.........| ------ |.....| #|..).......| ----------- ------- #|..........| #------------ Minoru the Hatamoto Experience level: 2 Strength: 18/02 Dexterity: 11 Constitution: 18 Intelligence: 8 Wisdom: 10 Charisma: 8 Health: 0(26) Energy: 5(5) Def: 6 Gold: 0 Moves: 527 Dungeon seed: -nVVbTcp3NI2m9dA Game ID: Minoru_1496613156 Your Inventory: Weapons a - an uncursed +0 katana (alternate weapon; not wielded) b - an uncursed +2 wakizashi c - an uncursed +1 yumi (weapon in hand) d - 41 uncursed +0 ya (in quiver) g - 12 uncursed +0 shuriken Armor e - an uncursed rustproof +0 splint mail (being worn) Comestibles i - 2 uncursed tripe rations j - an uncursed gunyoki o - an uncursed lichen corpse Wands f - an uncursed wand of probing (0:2) Tools p - an uncursed leash Gems n - an uncursed worthless piece of white glass Spells and supernatural/magical abilities: Name Level Category Fail Memory W - pray for help -- divine ? -- Your skills at the end: Miscellaneous Skills martial arts [Basic] wands [Basic] Weapon Skills short sword [Basic] long sword [Basic] bow [Basic] shuriken [Basic] Spellcasting Skills Final Attributes: You were fervently aligned. You were somewhat stealthy. You were fast. You are dead. Vanquished creatures: a small mimic a jackal a newt a goblin 2 grid bugs 2 lichens 8 creatures vanquished. Voluntary challenges: You went without food. You did not adorn yourself with jewelry or accessories. You did not cause conflict. You were not invisible. You did not have reflection. You were not displaced. You were an atheist. You used a wielded weapon 9 times, starting on turn 30. You did not use tools. You did not use plumbed fixtures. You read items or engraved 2 times, starting on turn 503. You never genocided any monsters. You never polymorphed an object. You never changed form. You used no wishes. You never split a pudding. You never wrote Elbereth's name. You violated your moral code, losing 1 point of alignment, starting on turn 526. Dungeon overview: The Dungeons of Doom: levels 1 to 3 Level 1 a fountain a long staircase Level 2 <- You were here a general store, a fountain stairs to The Gnomish Mines Level 3 The Gnomish Mines: Level 3 stairs to The Dungeons of Doom History has recorded: On T:1 you entered the Dungeons of Doom to retrieve the Amulet of Yendor! On T:163 you reached level 2 of The Dungeons of Doom. On T:195 you reached level 3 of The Dungeons of Doom. On T:230 you reached level 1 of The Gnomish Mines. On T:512 you advanced to experience level 2. Score breakdown: Gold: 0 ( 0 points) Experience: 2 levels ( 100 points) Exploration: 3 levels ( 60 points) Discoveries: 4 items ( 200 points) Variety of kills: 6 monsters ( 300 points) Major goal: (nothing yet) ( 0 points) Survival: died (score multiplied by 3) Total score: 1980 Latest messages: Please move the cursor to an unknown object. Aklavik on the floor of a room. Aklavik says that your bill comes to 27 zorkmids. (2x) You are empty handed. a - an uncursed +0 katana (alternate weapon; not wielded). You are now wielding your yumi. You hesitate for a moment, bothered by your conscience. Aklavik gets angry! The ya hits Aklavik! Aklavik zaps a forked wand! The wand hits you! You feel completely healed. You shoot 2 ya. The 1st ya hits Aklavik! The 2nd ya hits Aklavik. Aklavik zaps a wand of striking! The wand hits you! You hear the wailing of the Banshee... Aklavik zaps a wand of striking! The wand hits you! You die... Aklavik comes and takes all your possessions. Final status: Sayonara Minoru the Samurai, killed by a force bolt... You died in The Dungeons of Doom on dungeon level 2 with 1980 points, and 0 pieces of gold, after 527 moves. You were level 2 with a maximum of 26 hit points when you died.